Map: Dusk Towers

Players

MythiC - Winner!

  • Race: Terran Terran
  • League: Grandmaster

IIIIIIIIIIII

  • Race: Zerg Zerg
  • League: Grandmaster

VOD

Have the link to the VOD?

Description

Time

  • Played on: Jan. 13, 2016, 1:37 a.m.
  • Length: 9:29
Show
View Real Time Build Order
Export as new Build Order

MythiC Terran - Winner!

Build Orders: MMM Bio 

Get SALT Encoding   

  12  0:00  SCV  
  13  0:12  SCV  
  14  0:17  Supply Depot  
  14  0:25  SCV  
  15  0:39  SCV  
  15  0:40  Barracks  
  16  0:44  Refinery  
  16  0:51  SCV  
  17  1:03  SCV  
  18  1:15  SCV  
  19  1:28  Orbital Command, Barracks Reactor  
  19  1:42  Command Center  
  19  1:53  Supply Depot  
  19  1:55  SCV  
  19  2:01  Refinery  
  20  2:07  SCV  
  21  2:09  Reaper x2  
  23  2:19  SCV  
  24  2:31  SCV  
  25  2:37  Barracks  
  25  2:38  Barracks  
  25  2:41  Reaper x2  
  27  2:46  SCV  
  28  2:54  Orbital Command  
  28  2:59  SCV  
  29  3:10  Supply Depot  
  29  3:11  SCV  
  30  3:13  Reaper x2  
  32  3:22  SCV  
  32  3:23  SCV  
  34  3:32  Barracks Tech Lab  
  34  3:34  SCV, Factory  
  34  3:35  SCV  
  36  3:44  Marine  
  36  3:45  Marine x2  
  36  3:46  SCV  
  36  3:47  SCV  
  41  3:50  Refinery  
  41  3:51  Marine  
  41  3:52  Stimpack  
  42  3:58  SCV  
  42  3:59  SCV  
  42  4:02  Supply Depot  
  44  4:10  SCV  
  44  4:11  SCV, Marine x2  
  44  4:15  Marine x2  
  50  4:21  Supply Depot  
  50  4:22  SCV  
  50  4:23  SCV  
  50  4:24  Factory Reactor, Starport  
  52  4:29  Marine  
  53  4:31  Marine  
  53  4:35  SCV x2  
  57  4:41  Supply Depot, Marine  
  57  4:43  Barracks Reactor  
  57  4:47  SCV x2, Marine  
  60  4:56  Marine  
  60  4:59  SCV, Marine  
  64  5:00  SCV  
  64  5:03  Engineering Bay  
  64  5:06  Refinery  
  64  5:07  Supply Depot, Marine  
  64  5:09  Medivac x2  
  64  5:10  Factory Tech Lab  
  64  5:11  SCV  
  70  5:14  SCV, Marine  
  70  5:16  Marine  
  70  5:20  Marine x2  
  75  5:24  Marine  
  75  5:25  Liberator  
  76  5:30  Siege Tank  
  76  5:34  Liberator  
  79  5:35  Marine  
  79  5:36  Marine  
  79  5:39  Supply Depot  
  79  5:41  Marine x2  
  85  5:58  Marine  
  85  6:00  Marine x3  
  89  6:04  Terran Infantry Weapons Level 1  
  89  6:05  Supply Depot, Combat Shields  
  89  6:06  Supply Depot, SCV  
  89  6:07  Siege Tank  
  89  6:08  Marine  
  94  6:14  Supply Depot  
  94  6:16  Barracks  
  94  6:22  Barracks  
  94  6:26  Marine x4  
  94  6:30  Marine  
  94  6:31  Medivac  
  101  6:34  Medivac  
  101  6:39  Supply Depot  
  103  6:44  Marine x3  
  102  6:56  Marine x2  
  102  6:57  Siege Tank  
  104  7:01  Marine x3  
  104  7:02  Supply Depot  
  103  7:14  Marine  
  103  7:15  Barracks Reactor x2, Medivac x2  
  106  7:17  Supply Depot  
  106  7:18  Marine  
  106  7:19  Marine  
  106  7:20  Supply Depot  
  106  7:22  Marine x2  
  112  7:31  Marine  
  112  7:36  Siege Tank, Marine  
  117  7:37  Marine  
  117  7:40  Marine  
  117  7:41  Marine  
  120  7:49  Marine  
  121  7:54  Marine  
  121  7:55  Marine  
  121  7:58  Marine x5  
  123  7:59  Medivac x2, Marine  
  131  8:07  Marine  
  131  8:08  Siege Tank  
  131  8:12  Marine  
  133  8:13  Marine  
  133  8:15  Command Center  
  133  8:16  Marine x2  
  133  8:18  Marine x3  
  137  8:24  Marine  
  137  8:25  Marine  
  135  8:29  Medivac x2  
  135  8:30  Marine x2  
  135  8:33  Marine  
  135  8:35  Marine  
  135  8:36  Marine  
  135  8:37  Marine x2  
  135  8:40  Siege Tank  
  136  8:42  Marine  
  136  8:44  Marine  
  136  8:48  Marine x2  
  124  8:51  Marine  
  124  8:53  Marine x2  
  124  8:55  Marine x2  
  124  9:00  Marine  
  124  9:01  Marine  
  131  9:06  Marine x2  
  131  9:09  Marine  
  132  9:11  Marine  
Show
View Real Time Build Order
Export as new Build Order

IIIIIIIIIIII Zerg 

Build Orders: Hatch First 

Get SALT Encoding   

  12  0:01  Drone  
  13  0:14  Overlord  
  13  0:18  Drone  
  14  0:33  Drone x2  
  16  0:37  Drone  
  17  0:48  Drone  
  18  0:56  Hatchery  
  17  0:59  Drone  
  17  1:02  Extractor  
  17  1:14  Spawning Pool  
  17  1:18  Drone  
  17  1:21  Drone  
  18  1:32  Drone  
  19  1:42  Overlord  
  19  1:58  Drone  
  20  2:07  Queen x2, Extractor  
  20  2:08  Zergling x4  
  25  2:13  Metabolic Boost  
  26  2:16  Drone  
  26  2:22  Drone  
  28  2:24  Drone  
  29  2:33  Drone  
  29  2:34  Extractor  
  29  2:40  Drone  
  29  2:41  Drone  
  31  2:50  Hatchery  
  30  2:53  Drone x2  
  32  3:00  Queen  
  32  3:05  Overlord  
  34  3:08  Drone  
  36  3:12  Drone  
  36  3:27  Drone x4  
  36  3:28  Drone  
  36  3:31  Drone  
  41  3:38  Zergling x2  
  42  3:41  Drone  
  42  3:44  Roach Warren  
  42  3:49  Overlord  
  42  3:53  Zergling x2  
  43  3:59  Overlord  
  43  4:01  Queen  
  45  4:04  Drone x3  
  45  4:09  Zergling x4  
  50  4:16  Zergling x10  
  52  4:19  Queen  
  54  4:29  Roach x4  
  54  4:30  Roach  
  64  4:40  Drone x2  
  66  4:46  Overlord x2  
  66  4:49  Evolution Chamber  
  66  4:50  Evolution Chamber  
  62  4:56  Drone  
  62  4:57  Drone x3  
  66  5:05  Drone x5  
  66  5:06  Drone x3  
  74  5:09  Drone  
  75  5:17  Drone x3  
  78  5:23  Zerg Melee Weapons Level 1, Zerg Ground Armor Level 1  
  78  5:25  Drone x3  
  78  5:27  Overlord  
  81  5:34  Overlord  
  81  5:38  Extractor  
  81  5:39  Extractor  
  77  5:57  Roach x3  
  77  5:58  Drone x4, Roach x2  
  77  6:03  Drone  
  77  6:04  Drone x4  
  95  6:09  Overlord x3  
  95  6:10  Extractor, Overlord  
  95  6:14  Hatchery  
  95  6:15  Overlord  
  95  6:16  Overlord  
  94  6:18  Overlord  
  94  6:24  Lair  
  94  6:25  Baneling Nest  
  93  6:28  Roach x3  
  99  6:34  Roach x2  
  99  6:36  Drone x2  
  99  6:37  Drone  
  106  6:40  Drone x2  
  106  6:43  Extractor  
  106  6:44  Roach  
  106  6:51  Drone x2  
  98  6:55  Drone x2  
  97  7:01  Drone  
  97  7:02  Extractor  
  97  7:06  Drone  
  97  7:07  Drone x4  
  101  7:09  Drone  
  101  7:10  Drone x3  
  101  7:11  Spore Crawler  
  101  7:15  Drone x2  
  106  7:18  Queen, Drone x2  
  110  7:24  Drone  
  110  7:25  Drone  
  110  7:28  Infestation Pit  
  111  7:32  Overlord  
  111  7:34  Overlord  
  111  7:35  Overlord  
  111  7:40  Infestation Pit  
  111  7:42  Ravager x3  
  111  7:43  Zergling x6  
  111  7:44  Zergling x2  
  117  7:47  Spine Crawler  
  117  7:48  Zergling x4  
  118  7:54  Zergling x4  
  116  8:03  Zergling x10, Roach x2  
  118  8:09  Zergling x6  
  116  8:14  Zergling x6  
  116  8:16  Ravager  
  116  8:17  Ravager x6  
  125  8:20  Zergling x4  
  125  8:26  Overlord x2  
  124  8:31  Zergling x2  
  124  8:32  Zergling x2  
  118  8:34  Zergling x2  
  118  8:40  Zergling x4  
  106  8:47  Zergling x6  
  89  8:50  Roach  
  89  8:54  Roach  
  86  8:56  Roach  
  86  8:58  Roach  
  86  8:59  Roach  
  98  9:06  Roach  
  98  9:07  Roach  
  98  9:17  Ravager x3  
Tags
 
Add a new tag
Caveats
  • Supply blocks, unpowered buildings, or Contaminate may cause inaccurate times.
  • Supply counts are checked every 10 seconds.